 Dungeon Crawl Stone Soup version 0.30-a0-1116-gebefce21f7 (webtiles) character file.

Game seed: 2297070312522016192

434 Zdeegee the Chopper (level 6, -1/56 HPs)
             Began as a Minotaur Fighter on Apr 22, 2023.
             Slain by a gnoll
             ... wielding a +0 spear
              (3 damage)
             ... on level 4 of the Dungeon.
             The game lasted 00:04:33 (2328 turns).

Zdeegee the Chopper (Minotaur Fighter)              Turns: 2328, Time: 00:04:34

Health: -1/56      AC:  7    Str: 22    XL:     6   Next: 67%
Magic:  5/5        EV:  9    Int:  5    God:
Gold:   106        SH:  4    Dex: 10    Spells: 5/5 levels left

rFire   . . .      SeeInvis .    a - +0 war axe
rCold   . . .      Faith    .    c - +0 buckler
rNeg    . . .      Spirit   .    b - +0 scale mail
rPois   .          Reflect  .    (helmet restricted)
rElec   .          Rampage  .    (no cloak)
rCorr   .                        (no gloves)
Will    .....                    (no boots) Stlth
                                 (no amulet)
HPRegen 0.29/turn                (no ring)
MPRegen 0.09/turn                (no ring)

@: attractive
A: horns 2, retaliatory headbutt
a: no special abilities


You were on level 4 of the Dungeon.
You visited 1 branch of the dungeon, and saw 4 of its levels.

You collected 106 gold pieces.

Inventory:

Hand Weapons
 a - a +0 war axe (weapon)
Armour
 b - a +0 scale mail (worn)
 c - a +0 buckler (worn)
 p - a +0 plate armour
Jewellery
 f - an amulet of faith
 n - an amulet of regeneration
Scrolls
 e - a scroll of immolation
 g - a scroll of teleportation
 h - a scroll of butterflies {unknown}
 j - a scroll of noise
 s - a scroll of amnesia {unknown}
Potions
 d - a potion of might
 i - a potion of haste
 k - a potion of flight
 m - a potion of attraction
 q - 2 potions of brilliance
 r - a potion of resistance


   Skills:
 * Level 5.0 Fighting
 * Level 6.0 Axes
 * Level 5.1 Armour
 + Level 0.6 Dodging
 * Level 4.9 Shields
 + Level 0.4 Invocations
 + Level 0.4 Evocations


You had 5 spell levels left.
You didn't know any spells.
Your spell library contained the following spells:

 Spells                   Type           Power      Damage    Failure   Level
 Lesser Beckoning         Tloc           0%         N/A       95%         2
 Gell's Gravitas          Tloc           0%         N/A       99%         3
 Teleport Other           Tloc           0%         N/A       99%         3
 Alistair's Intoxication  Tmut/Pois      0%         N/A       100%        5
 Borgnjor's Vile Clutch   Necr/Erth      0%         N/A       100%        5
 Eringya's Noxious Bog    Tmut/Pois      0%         N/A       100%        6


Dungeon Overview and Level Annotations

Branches:
Dungeon (4/15)
 Temple: D:4-7

Altars:

Shops:
D:3 [

Annotations:
D:4 Blork the orc


Innate Abilities, Weirdness & Mutations

You have a pair of horns on your head.
You reflexively headbutt those who attack you in melee.


Message History

The gnoll hits you with a +0 club.
* * * LOW HITPOINT WARNING * * *
Blork the orc is attracted toward you. The gnoll is attracted toward you.
You bump into the rock wall.
The gnoll hits you with a +0 club.
* * * LOW HITPOINT WARNING * * *
You bump into the rock wall.
The gnoll hits you with a +0 club.
* * * LOW HITPOINT WARNING * * *
You bump into the rock wall.
The gnoll hits you but does no damage. x2
You miss the gnoll.
The gnoll hits you from afar with a +0 spear.
The gnoll barely misses you.
You miss the gnoll.
You feel less invigorated.
You feel less confused. You block the gnoll's attack.
The gnoll hits you but does no damage.
A quokka comes into view.
The gnoll hits you with a +0 club. The gnoll hits you but does no damage.
The quokka is attracted toward you.
You hit the gnoll.
The gnoll is heavily wounded.
You block the gnoll's attack.
A sleepcap comes into view.
You block the gnoll's attack. The sleepcap is attracted toward you.
You slash the gnoll!
You kill the gnoll!
The centaur shoots an arrow.
The arrow hits you.
The gnoll hits you from afar with a +0 spear.
* * * LOW HITPOINT WARNING * * *
Your Fighting skill increases to level 5!
You barely miss Blork the orc.
Blork the orc hits you with a +1 scimitar of protection.
* * * LOW HITPOINT WARNING * * *
The gnoll hits you but does no damage.
You slash Blork the orc!
You headbutt Blork the orc, but do no damage.
Blork the orc is moderately wounded.
Blork the orc casts a spell at you. The puff of flame hits you!
* * * LOW HITPOINT WARNING * * *
The gnoll hits you from afar with a +0 spear.
You die...

###..........+ #...
.ยง..........#######...#
##...... ...... ..#....
......###.#.####.#...#
#..............#..>.
.####...................
......rcg...............
.....##o###'#...........
c... +.@# #.#...........
... #### #.#.#.###.....
.. #.#.#.###..... .
#.#.#.........
#.#.#####..... #.#..
#..... #.### #.....
#..... #.....


You could see Blork the orc, a centaur, a gnoll and a quokka.

Vanquished Creatures
  Sigmund (D:3)
  A howler monkey (D:4)
  Natasha (thrice) (D:3)
  Robin (D:3)
  A gnoll (D:4)
  A river rat (D:3)
  2 adders (D:2)
  2 worms (D:3)
  3 dart slugs
  6 orcs (D:3)
  5 endoplasms
  5 giant cockroaches
  16 goblins
  11 hobgoblins
  8 jackals
  8 kobolds
  4 quokkas
  4 ball pythons
  6 bats
  3 frilled lizards
  7 rats
98 creatures vanquished.

Notes
Turn   | Place    | Note
-------+----------+-------------------------------------------
     0 | D:1      | Zdeegee the Minotaur Fighter began the quest for the Orb.
     0 | D:1      | Reached XP level 1. HP: 19/19 MP: 0/0
   116 | D:1      | Reached XP level 2. HP: 19/27 MP: 1/1
   386 | D:1      | Reached XP level 3. HP: 25/33 MP: 2/2
   842 | D:2      | Reached skill level 3 in Axes
   859 | D:2      | Reached XP level 4. HP: 35/40 MP: 3/3
  1048 | D:2      | Found a faded altar of an unknown god.
  1276 | D:3      | Noticed Sigmund
  1300 | D:3      | HP: 2/40 [Sigmund/puff of flame (9)]
  1357 | D:3      | Noticed Robin
  1481 | D:3      | Killed Robin
  1501 | D:3      | Reached skill level 4 in Axes
  1685 | D:3      | Killed Sigmund
  1686 | D:3      | Reached skill level 5 in Axes
  1686 | D:3      | Reached XP level 5. HP: 32/47 MP: 4/4
  1686 | D:3      | Reached XP level 6. HP: 38/55 MP: 5/5
  1703 | D:3      | Noticed Natasha
  1710 | D:3      | Killed Natasha
  1760 | D:3      | Noticed Natasha
  1772 | D:3      | Killed Natasha
  1781 | D:3      | Noticed Natasha
  1787 | D:3      | Killed Natasha
  1788 | D:3      | Reached skill level 5 in Armour
  1913 | D:3      | Found Viel's Armour Boutique.
  2317 | D:4      | Reached skill level 6 in Axes
  2319 | D:4      | Noticed Blork the orc
  2327 | D:4      | Reached skill level 5 in Fighting
  2328 | D:4      | HP: 2/56 [Blork the orc/puff of flame (12)]
  2328 | D:4      | Slain by a gnoll

Illustrated notes

Levels and vault maps discovered:
D:1:      eino_arrival_water_cross, layout_rooms
D:2:      layout_loops_ring, hellmonk_ecumenical_altar_prayer_group,
          minmay_cut_off
D:3:      layout_rooms, portal_sewer_entry_b, serial_shops,
          nicolae_shop_pleasant_corner_grove, uniq_natasha, uniq_sigmund,
          uniq_robin
D:4:      layout_basic, temple_hall, hex_intersection, uniq_blork_the_orc

Skill      XL: |  1  2  3  4  5  6 |
---------------+-------------------+-----
Shields        | 4 |  4.9
Fighting       | 4 5 |  5.0
Armour         | 4 5 |  5.1
Axes           | 3 5 6 |  6.0
Dodging        | |  0.6
Invocations    | |  0.4
Evocations     | |  0.4

Action                     |  1- 3 |  4- 6 || total
---------------------------+-------+-------++-------
  Melee: War axe           |    75 |   138 ||   213
         Headbutt          |    15 |    16 ||    31
    Use: Scroll            |       |    12 ||    12
         Potion            |       |     4 ||     4
 Armour: Scale mail        |    34 |    58 ||    92
         Skin              |       |     5 ||     5
  Dodge: Dodged            |    37 |    62 ||    99
  Block: Buckler           |    17 |    26 ||    43

Table legend: (Time is in decaauts)
 A = Elapsed time spent in this place.
 B = Non-inter-level travel time spent in this place.
 C = Inter-level travel time spent in this place.
 D = Time resting spent in this place.
 E = Time spent auto-exploring this place.
 F = Levels seen in this place.
 G = Mean time per level.
                   A        B        C        D        E       F      G
               +--------+--------+--------+--------+--------+-----+--------+
         Total |   2402 |   2340 |     62 |    116 |   1541 |   4 |  600.5 |
       Dungeon |   2402 |   2340 |     62 |    116 |   1541 |   4 |  600.5 |
               +--------+--------+--------+--------+--------+-----+--------+

Top non-repeatable levels by time:
     D:2: 980 daAuts
     D:3: 862 daAuts
     D:1: 475 daAuts
     D:4: 83 daAuts
